 Dungeon Crawl Stone Soup version 0.17-a0-2231-gd80ca38 (webtiles) character file.

86 Maka the Ruffian (level 4, -6/35 HPs)
             Began as a Draconian Transmuter on Oct 29, 2015.
             Mangled by a gnoll
             ... wielding a +0 halberd
              (10 damage)
             ... on level 2 of the Dungeon.
             The game lasted 00:03:10 (1774 turns).

Maka the Ruffian (Draconian Transmuter)             Turns: 1774, Time: 00:03:10

Health: -6/35      AC:  5    Str: 13    XL:     4   Next: 26%
Magic:  5/7        EV: 12    Int: 13    God:
Gold:   110        SH:  0    Dex: 12    Spells: 1 memorised, 6 levels left

rFire  . . .     SeeInvis .       - Unarmed
rCold  . . .     Clarity  .     (armour unavailable)
rNeg   . . .     SustAt   .     (no shield)
rPois  .         Gourm    .     (helmet restricted)
rElec  .         Spirit   .     (no cloak)
rCorr  .         Warding  .     (no gloves)
rMut   .         Stasis   .     (no boots)
MR     .....                    (no amulet)
Stlth  +.........               (no ring)
                                (no ring)

@: appendage, very slightly contaminated, not resistant to hostile enchantments,
very unstealthy
A: unfitting armour, horns 2, cold-blooded, AC +5
a: End Transformation


You were on level 2 of the Dungeon.
You were not hungry.
You had grown temporary horns.
You visited 1 branch of the dungeon, and saw 2 of its levels.

You collected 110 gold pieces.

Inventory:

Missiles
 a - 23 arrows
Wands
 j - a wand of polymorph (15)
Scrolls
 e - a scroll of noise {unknown}
 f - 2 scrolls of teleportation {unknown}
 h - a scroll of recharging {unknown}
 i - a scroll of remove curse {unknown}
Potions
 c - a potion of magic {unknown}
 g - a potion of agility {unknown}
 k - a potion of degeneration {unknown}
Books
 b - a book of Changes

   Spells                             Type                      Level
   a - Beastly Appendage              Transmutation                1
   b - Sticks to Snakes               Transmutation                2
   c - Spider Form                    Transmutation/Poison         3
   d - Ice Form                       Ice/Transmutation            4
   e - Blade Hands                    Transmutation                5
Comestibles
 d - 2 meat rations


   Skills:
 - Level 1.1 Fighting
 - Level 1.7 Dodging
 + Level 5.1 Unarmed Combat
 - Level 2.0 Spellcasting
 - Level 2.0 Transmutations


You had 6 spell levels left.
You knew the following spells:

 Your Spells              Type           Power        Failure   Level  Hunger
a - Beastly Appendage     Trmt           #.....       12%         1    ##.....


Dungeon Overview and Level Annotations

Branches:
Dungeon (2/15)

Altars:


Innate Abilities, Weirdness & Mutations

Your plain brown scales are hard (AC +5).
Your body does not fit into most forms of armour.
You are cold-blooded and may be slowed by cold attacks.
You have a pair of horns on your head.


Message History

Casting: Beastly Appendage
Confirm with . or Enter, or press ? or * to list all spells.
You miscast Beastly Appendage.
Nothing appears to happen.
The gnoll closely misses you.
Things that are here:
a club; a kobold skeleton
Casting: Beastly Appendage
Confirm with . or Enter, or press ? or * to list all spells.
You grow a pair of large bovine horns.
The gnoll hits you with a halberd!!
Ouch! That really hurt!
You hit the gnoll.
The gnoll is lightly wounded.
The gnoll barely misses you.
You hit the gnoll but do no damage.
You headbutt the gnoll, but do no damage.
The gnoll hits you with a halberd!
* * * LOW HITPOINT WARNING * * *
You hit the gnoll but do no damage. You barely miss the gnoll.
The gnoll hits you with a halberd!
You die...

##.## ##.##.....## ##..[.......
#####)###.#######..###.#.##.#.##.
..........<......#..#..#.#....###
#####.<...#.#####.##.#.#..#####≈≈
##....#.# #.####.#.## #≈≈≈
#####.#.#.# #.# ##).## ###≈≈≈
#.......#.# #.# #...# #.+...
###.###.#.#.#####<# #...## #.#≈≈≈
...............g@÷# #....###.#≈≈≈
###.###...#.####### #........##≈≈
....# ##..g.# #..###..^.### #####
#†#### #..# ##...#.. #.#
#..####...#.. #.#
####..##........ #.#
#.....##.#..(... #.#
#.###.##.#...##. #.# #.#
#...........


You could see a gnoll.

Vanquished Creatures
  2 gnolls (D:2)
  3 adders (D:2)
  A worm (D:2)
  A giant gecko (D:1)
  A ball python (D:1)
  3 bats
  2 giant cockroaches (D:1)
  4 goblins
  4 hobgoblins
  3 jackals (D:1)
  3 kobolds
  A quokka (D:2)
  4 giant newts
  6 rats
38 creatures vanquished.

Notes
Turn   | Place    | Note
--------------------------------------------------------------
     0 | D:1      | Maka the Draconian Transmuter began the quest for the Orb.
     0 | D:1      | Reached XP level 1. HP: 16/16 MP: 3/3
   223 | D:1      | Reached XP level 2. HP: 20/23 MP: 3/5
   615 | D:1      | Reached skill level 4 in Unarmed Combat
   835 | D:2      | Reached XP level 3. HP: 17/28 MP: 4/6
  1554 | D:2      | Reached skill level 5 in Unarmed Combat
  1554 | D:2      | Reached XP level 4. HP: 31/35 MP: 5/7
  1774 | D:2      | Mangled by a gnoll

Vault maps used:
D:1:      dpeg_arrival_rooms_b
D:2:      first_bread, kennysheep_flooded_box, makhleb_altar_promises_db

Action                   |  1- 3 |  4- 6 || total
-------------------------+-------+-------++-------
Melee: Unarmed           |   154 |     8 ||   162
 Cast: Beastly Appendage |     6 |     1 ||     7
 Stab: Sleeping          |     1 |       ||     1
  Eat: Bread ration      |     1 |       ||     1
